 Dungeon Crawl Stone Soup version 0.24-a0-479-g9a978d2 (webtiles) character file.

Game seed: 16675384977613285535

9275 Espgualade the Covert (level 11, -6/54 HPs)
             Began as a Tengu Ice Elementalist on July 6, 2019.
             Was an Elder of Vehumet.
             Mangled by a hell hog (15 damage)
             ... in a Gauntlet.
             The game lasted 00:40:47 (12116 turns).

Espgualade the Covert (Tengu Ice Elementalist)     Turns: 12116, Time: 00:40:48

Health: -6/54      AC:  9    Str: 12    XL:     11   Next: 43%
Magic:  22/22      EV: 19    Int: 18    God:    Vehumet [****..]
Gold:   632        SH:  3    Dex: 16    Spells: 10/24 levels left

rFire    + + .     SeeInvis .   G - staff of cold
rCold    + + .     Gourm    .   H - +0 buckler
rNeg     . . .     Faith    .   s - +1 robe {rF+}
rPois    +         Spirit   .   (helmet restricted)
rElec    +         Reflect  .   (no cloak)
rCorr    +         Harm     .   f - +1 pair of gloves
MR       .....     NoTele   +   (boots unavailable)
Stlth    +++++.....             (no amulet)
HPRegen  0.18/turn              M - +4 ring of protection
MPRegen  0.18/turn              i - +4 ring of strength

@: resistant, flying quickly and evasively, very slightly contaminated, hasted,
invisible, very quick
A: beak, talons 3, able to fly
a: Stop Flying, Renounce Religion


You were in a Gauntlet.
You worshipped Vehumet.
Vehumet was greatly pleased with you.
You were not hungry.

You visited 3 branches of the dungeon, and saw 13 of its levels.
You also visited: Gauntlet.

You collected 632 gold pieces.

Inventory:

Hand Weapons
 d - a +4 spear
 l - a +2 whip of holy wrath
 m - a +0 war axe of chopping
 y - a +0 lajatang
 F - a +3 spear of venom
Armour
 a - a +0 robe
 f - a +1 pair of gloves (worn)
 s - a +1 robe of fire resistance (worn)
 H - a +0 buckler (worn)
Magical Staves
 B - an uncursed staff of summoning
 G - an uncursed staff of cold (weapon)
 I - an uncursed staff of poison
Jewellery
 b - a +3 ring of strength
 i - a +4 ring of strength (right hand)
 p - an uncursed amulet of faith
 M - a +4 ring of protection (left hand)
Wands
 t - a wand of acid (2)
 v - a wand of paralysis (11)
 w - a wand of digging (3)
 D - a wand of flame (22)
 J - a wand of random effects (6)
Scrolls
 g - 9 scrolls of identify
 n - 3 scrolls of remove curse
 o - 7 scrolls of teleportation
 E - 3 scrolls of enchant armour
Potions
 h - 3 potions of flight
 j - 8 potions of curing
 k - 3 potions of mutation
 q - a potion of might
 r - 2 potions of lignification
 u - a potion of cancellation
 x - 2 potions of degeneration
 C - a potion of invisibility
Comestibles
 c - 27 rations


   Skills:
 - Level 7.0 Dodging
 * Level 10.6 Stealth
 - Level 7.2 Spellcasting
 - Level 8.3 Conjurations
 - Level 8.0 Summonings
 - Level 6.2 Ice Magic


You had 10 spell levels left.
You knew the following spells:

 Your Spells              Type           Power        Failure   Level  Hunger
a - Freeze                Ice            ####         1%          1    None
b - Throw Frost           Conj/Ice       #####.       1%          2    None
c - Ozocubu's Armour      Chrm/Ice       ####....     14%         3    #......
d - Throw Icicle          Conj/Ice       #####...     2%          4    ###....
e - Summon Ice Beast      Ice/Summ       #####...     10%         4    ###....

Your spell library contained the following spells:

 Spells                   Type           Power        Failure   Level  Hunger
 Bolt of Magma            Conj/Fire/Erth ###.......   36%         5    #####..
 Magic Dart               Conj           ####         1%          1    None
 Call Imp                 Summ           #####...     1%          2    None
 Searing Ray              Conj           #####.       1%          2    None
 Iskenderun's Mystic Bla  Conj           #####...     1%          4    ###....
 Conjure Flame            Conj/Fire      ###.....     2%          3    #......
 Dazzling Spray           Conj/Hex       ###...       2%          3    #......
 Mephitic Cloud           Conj/Pois/Air  ###.....     4%          3    #......
 Force Lance              Conj/Tloc      ###.....     9%          4    ###....
 Fulminant Prism          Conj/Hex       ###.......   9%          4    ###....
 Blink                    Tloc           N/A          26%         2    None
 Shroud of Golubria       Chrm/Tloc      #.....       26%         2    None
 Slow                     Hex            #.......     26%         2    None
 Gell's Gravitas          Tloc           #.........   47%         3    #......
 Lesser Beckoning         Tloc           #.........   47%         3    #......
 Teleport Other           Tloc           #.......     47%         3    #......
 Passage of Golubria      Tloc           N/A          87%         4    ###....


Dungeon Overview and Level Annotations

Branches:
Dungeon (10/15)            Temple (1/1) D:7            Lair (2/6) D:9
  Swamp: Lair:2-4    Shoals: Lair:2-4     Snake: Lair:2-4    Spider: Lair:2-4
    Orc: D:9-12

Altars:
Ashenzari
Cheibriados
Dithmenos
Elyvilon
Fedhas
Gozag
Hepliaklqana
Kikubaaqudgha
Makhleb
Nemelex Xobeh
Okawaru
Qazlal
Ru
Sif Muna
Trog
Uskayaw
Vehumet
Wu Jian
Xom
Yredelemnul
Zin
The Shining One
Beogh

Shops:
D:5 ?   D:6 %

Annotations:
Gauntlet 3 transporters


Innate Abilities, Weirdness & Mutations

You have a beak for a mouth.
You have claws for feet.
You can fly continuously.


Message History

The fireball engulfs the hell hog.
The hell hog resists.
The fireball engulfs the fire bat.
The fire bat completely resists.
The hell hound breathes flames at you.
The blast of flame hits the fire bat.
The fire bat completely resists.
The blast of flame hits the fire bat.
The fire bat completely resists.
The blast of flame misses you. The fire bat bites you.
* * * LOW HITPOINT WARNING * * *
You are engulfed in flames.
You resist.
* * * LOW HITPOINT WARNING * * *
You feel yourself speed up. You block the fire bat's attack.
The fire bat completely misses you. The hell hog completely misses you.
The hell hog misses you. The fire bat bites you.
* * * LOW HITPOINT WARNING * * *
You are engulfed in flames.
You resist.
* * * LOW HITPOINT WARNING * * *
The hell hog bites you.
* * * LOW HITPOINT WARNING * * *
The fire bat barely misses you. The hell hog bites you!
You die...

##############..#
.#.#...[h?=..#..#
##.#.#...###.#..###
.##.#.#.#..h#.#..#8#
.....#.#...#.#bhb#..###
#....#.#.#..©###h#..#
#.##©#.#.#.#...#b#..###
...##.#...###.hb#..#8#
#u###.#.#...#.#@#..###
##u###.#.........#..#
##################..#
©...........©#......#8
######.#######.....§###
.....#.#........#####
######.#........#8#
.#...#.#..#########
..#..#.#..#8#


You could see a hell hog, 2 hell hounds and 3 fire bats.

Vanquished Creatures
  A hydra (Lair:1)
  Pikel (D:4)
  4 spiny frogs (Lair:1)
  A troll (D:9)
  A polar bear (Lair:2)
  A flying skull (Gauntlet)
  Menkaure (D:6)
  A water moccasin (Lair:1)
  A porcupine (Lair:1)
  An orc warrior (D:10)
  A black bear (D:7)
  2 ice beasts
  3 sky beasts
  A slave (D:4)
  2 phantoms
  9 ogres
  5 crocodiles
  6 bullfrogs
  2 big kobolds
  A water moccasin skeleton (D:10)
  2 scorpions
  2 jellies
  5 howler monkeys
  3 crimson imps
  3 bullfrog zombies
  7 orc wizards
  A bullfrog skeleton (D:6)
  2 centaur zombies
  2 hounds
  2 orc priests
  3 iron imps (D:3)
  6 iguanas
  8 worker ants
  A hound skeleton (D:4)
  6 gnolls (D:6)
  A howler monkey skeleton (D:8)
  7 adders
  A shadow imp (D:5)
  5 worms
  An adder skeleton (D:6)
  3 dart slugs
  4 leopard geckos
  33 orcs
  4 giant cockroaches
  11 goblins
  7 hobgoblins
  13 jackals
  13 kobolds
  2 quokkas
  3 ball pythons
  10 bats
  5 frilled lizards
  A giant cockroach zombie (D:6)
  A quokka zombie (D:6)
  8 rats
231 creatures vanquished.

Vanquished Creatures (collateral kills)
  A hydra (Lair:2)
  A komodo dragon (Lair:1)
  A troll (D:9)
  A polar bear (Lair:2)
  2 flying skulls (Gauntlet)
  A basilisk (Lair:1)
  2 hungry ghosts
  5 orc warriors
  4 black bears (Lair:2)
  A necrophage (D:9)
  An ogre (D:8)
  3 wolves (Lair:2)
  A crocodile (Lair:1)
  2 bullfrogs
  4 scorpions
  A bullfrog zombie (D:9)
  A hound (D:8)
  An orc wizard (D:7)
  An adder zombie (D:9)
  16 orcs
  2 kobolds (D:10)
  A quokka (D:7)
  A fungus (Lair:2)
54 creatures vanquished.

Vanquished Creatures (others)
  A hound (D:4)
  A howler monkey skeleton (D:4)
  An ooze (D:4)
  2 orcs (D:4)
  2 fungi (Lair:1)
7 creatures vanquished.

Grand Total: 292 creatures vanquished

Notes
Turn   | Place    | Note
-------+----------+-------------------------------------------
     0 | D:1      | Espgualade the Tengu Ice Elementalist began the quest for
                  | the Orb.
     0 | D:1      | Reached XP level 1. HP: 10/10 MP: 4/4
   250 | D:1      | Reached XP level 2. HP: 15/15 MP: 6/6
   721 | D:1      | Reached XP level 3. HP: 19/19 MP: 7/7
   862 | D:1      | Learned a level 2 spell: Throw Frost
   866 | D:1      | Learned a level 3 spell: Ozocubu's Armour
  1142 | D:2      | Found an iron altar of Okawaru.
  1206 | D:2      | Reached XP level 4. HP: 24/24 MP: 8/8
  1908 | D:3      | Found a burning altar of Makhleb.
  1960 | D:3      | Found a sparkling altar of Nemelex Xobeh.
  1960 | D:3      | Found a faded altar of an unknown god.
  1976 | D:3      | Found a faded altar of an unknown god.
  1979 | D:3      | Found a basalt altar of Yredelemnul.
  1981 | D:3      | Found a glowing silver altar of Zin.
  2054 | D:3      | Noticed an ogre
  2296 | D:3      | Found an ornate altar of the Wu Jian Council.
  2358 | D:3      | Killed an ogre
  2358 | D:3      | Reached skill level 5 in Ice Magic
  2358 | D:3      | Gained mutation: You can fly continuously. [Tengu growth]
  2358 | D:3      | Reached XP level 5. HP: 28/28 MP: 2/9
  2414 | D:3      | Reached XP level 6. HP: 14/32 MP: 5/10
  2671 | D:4      | Noticed a phantom
  2745 | D:4      | Noticed a slave
  2801 | D:4      | Killed a slave
  2801 | D:4      | Noticed Pikel
  2905 | D:4      | Noticed a slave
  2908 | D:4      | Noticed a slave
  2912 | D:4      | Killed Pikel
  2912 | D:4      | Reached skill level 5 in Spellcasting
  2912 | D:4      | Reached XP level 7. HP: 29/36 MP: 0/16
  3234 | D:4      | Reached XP level 8. HP: 41/41 MP: 10/17
  3510 | D:4      | Reached skill level 5 in Dodging
  3614 | D:4      | Found a snail-covered altar of Cheibriados.
  3784 | D:5      | Entered Level 5 of the Dungeon
  4421 | D:5      | Found a blossoming altar of Fedhas.
  4702 | D:5      | Reached XP level 9. HP: 45/45 MP: 12/20
  4893 | D:5      | Found Fuof's Magic Scroll Boutique.
  4982 | D:5      | Identified a scroll of acquirement
  4991 | D:5      | Learned a level 4 spell: Throw Icicle
  4996 | D:5      | Learned a level 4 spell: Summon Ice Beast
  5152 | D:6      | Reached skill level 1 in Summonings
  5153 | D:6      | Found a radiant altar of Vehumet.
  5184 | D:6      | Became a worshipper of Vehumet
  5267 | D:6      | Noticed Menkaure
  5280 | D:6      | Killed Menkaure
  5762 | D:6      | Found Ylar's Food Emporium.
  5788 | D:6      | Reached * piety under Vehumet
  5788 | D:6      | Offered knowledge of Sting by Vehumet.
  5837 | D:6      | Reached skill level 5 in Conjurations
  6297 | D:7      | Found a staircase to the Ecumenical Temple.
  6307 | Temple   | Entered the Ecumenical Temple
  6567 | D:7      | Reached skill level 5 in Summonings
  7511 | D:8      | Reached XP level 10. HP: 50/50 MP: 11/21
  7522 | D:8      | Found a shimmering altar of Xom.
  7672 | D:8      | Found a sacrificial altar of Ru.
  7750 | D:8      | Found a hazy altar of Hepliaklqana.
  8157 | D:9      | Reached ** piety under Vehumet
  8157 | D:9      | Offered knowledge of Throw Flame by Vehumet.
  8227 | D:9      | Found a glowing golden altar of the Shining One.
  8356 | D:9      | Found a staircase to the Lair.
  9101 | D:10     | Entered Level 10 of the Dungeon
  9132 | D:10     | Reached skill level 3 in Stealth
  9238 | D:10     | Offered knowledge of Ignite Poison by Vehumet.
  9299 | D:10     | Reached *** piety under Vehumet
  9447 | D:10     | Found a roughly hewn altar of Beogh.
  9458 | D:10     | Reached skill level 4 in Stealth
  9776 | D:10     | Offered knowledge of Static Discharge by Vehumet.
  9796 | D:10     | Reached skill level 5 in Stealth
  9838 | D:10     | Noticed a deep elf mage
  9979 | Lair:1   | Entered Level 1 of the Lair of Beasts
  9980 | Lair:1   | Noticed an eight-headed hydra
 10031 | Lair:1   | Noticed a spiny frog
 10036 | Lair:1   | Killed a spiny frog
 10036 | Lair:1   | Reached skill level 6 in Stealth
 10285 | Lair:1   | Noticed a spiny frog
 10294 | Lair:1   | Killed a spiny frog
 10294 | Lair:1   | Reached skill level 7 in Stealth
 10633 | Lair:1   | Noticed a spiny frog
 10634 | Lair:1   | Noticed a spiny frog
 10651 | Lair:1   | Killed a spiny frog
 10651 | Lair:1   | Reached skill level 8 in Stealth
 10651 | Lair:1   | Reached XP level 11. HP: 41/54 MP: 6/22
 10791 | Lair:1   | Reached skill level 9 in Stealth
 10986 | Lair:1   | Killed an eight-headed hydra
 11593 | Lair:2   | Reached skill level 10 in Stealth
 11637 | Lair:2   | Noticed a seven-headed hydra
 11727 | Lair:2   | Killed a seven-headed hydra
 11727 | Lair:2   | Reached **** piety under Vehumet
 11743 | Lair:2   | Found a gate leading to a gauntlet.
 11796 | Gauntlet | Entered a Gauntlet
 11796 | Gauntlet | Found a transporter.
 11796 | Gauntlet | Found a transporter.
 11811 | Gauntlet | Noticed a queen ant
 11831 | Gauntlet | Found a transporter.
 11865 | Gauntlet | Offered knowledge of Bolt of Magma by Vehumet.
 11883 | Gauntlet | Found a transporter.
 12062 | Gauntlet | Found a transporter.
 12064 | Gauntlet | Noticed a white ugly thing
 12071 | Gauntlet | Noticed a red ugly thing
 12087 | Gauntlet | Noticed a hell hog
 12087 | Gauntlet | Found a transporter.
 12116 | Gauntlet | Mangled by a hell hog

Levels and vault maps discovered:
D:1:      dpeg_arrival_simpleton_c, layout_basic
D:2:      layout_basic, lemuel_doored_altar
D:3:      layout_basic, demons_altar, marbit_many_paths,
          chequers_temple_overflow_minitemple, chequers_decorated_corner
D:4:      layout_rooms, hangedman_abyss_or_decor_slice, serial_park_tiny_pond,
          kennysheep_slug_shrine, uniq_pikel
D:5:      layout_basic, basic_altar, serial_shops, shop, serial_glass,
          glass_columns_a, glass_columns_c, glass_columns_a, glass_columns_a,
          feat_on_display, item_on_display_a, feat_on_display,
          item_on_display_a, first_ration
D:6:      layout_basic, old_standard_altar, serial_shops, nicolae_shop_trees,
          uniq_menkaure
D:7:      lemuel_upstairs_altar, layout_gridville, minmay_temple_entry_junction,
          serial_glass, glass_columns_a, glass_columns_b
D:8:      layout_gridville, kennysheep_mini_moat, overflow_temple_1_default,
          overflow_temple_1_default, st_stairs_4, grunt_ogre_cave,
          kennysheep_generic_room_13
D:9:      layout_roguey, tso_oasis_becter, lair_entry_dummy
D:10:     minmay_the_grid_3x3 [minmay_the_grid_dragon_a, minmay_the_grid_rooms,
          minmay_the_grid_doors, minmay_the_grid_expand,
          minmay_the_grid_medium_cups, minmay_the_grid_slots,
          minmay_the_grid_outer_circle, minmay_the_grid_minigrid_small_alt,
          minmay_the_grid_prize_diamond_cup], layout_long_grid, special_room
          [special_room_orc], uniq_joseph
Temple:   minmay_temple_curvy_loop
Lair:1:   layout_loops_ring, grunt_megastairs_2, lemuel_fruit_tree
Lair:2:   beast_lair_carwin_large_4, layout_gridlike, gauntlet_entry_generic
Gauntlet: gammafunk_gauntlet_branching [gammafunk_gauntlet_arena_chambers,
          gammafunk_gauntlet_arena_hedges, nicolae_gauntlet_arena_grate_2,
          gammafunk_gauntlet_arena_crates, gammafunk_gauntlet_arena_grid,
          gammafunk_gauntlet_arena_corners, gammafunk_gauntlet_arena_spirals,
          gammafunk_gauntlet_arena_mazey, gauntlet_exit_watery]

Skill      XL: |  1  2  3  4  5  6  7  8  9 10 11 |
---------------+----------------------------------+-----
Ice Magic      | 3 4 5 6 |  6.2
Spellcasting   | 5 6 7 |  7.2
Dodging        | 3 7 |  7.0
Summonings     | 6 8 |  8.0
Conjurations   | 7 8 |  8.3
Stealth        | 8 10 | 10.6

Action                   |  1- 3 |  4- 6 |  7- 9 | 10-12 || total
-------------------------+-------+-------+-------+-------++-------
Melee: Unarmed           |     7 |       |       |       ||     7
       Spear             |    48 |    74 |   204 |    29 ||   355
       Kick              |     8 |    21 |    69 |    21 ||   119
       Peck              |     5 |     8 |    48 |     9 ||    70
       Staff             |       |       |    14 |    24 ||    38
 Cast: Freeze            |     6 |    14 |    72 |    75 ||   167
       Throw Frost       |       |     8 |    41 |    14 ||    63
       Ozocubu's Armour  |       |     1 |     4 |     1 ||     6
       Summon Ice Beast  |       |       |     9 |    46 ||    55
       Throw Icicle      |       |       |     2 |    55 ||    57
 Abil: Fly               |       |     1 |       |       ||     1
Evoke: Wand              |       |       |     1 |    11 ||    12
  Use: Scroll            |     4 |       |    18 |     7 ||    29
       Potion            |       |       |     3 |     3 ||     6
 Stab: Sleeping          |     8 |     2 |     4 |       ||    14
  Eat: Chunk             |     1 |     3 |    11 |    20 ||    35
       Ration            |       |     1 |     1 |     2 ||     4
Armor: Robe              |    10 |    14 |    37 |    38 ||    99
Dodge: Dodged            |    44 |    37 |   209 |   159 ||   449
Block: Buckler           |       |       |       |    12 ||    12

Table legend:
 A = Non-vault XP
 B = Vault XP
 C = Vault XP percentage of total XP
 D = Non-vault monster count
 E = Vault monster count
 F = Vault count percentage of total count
                 A         B        C        D         E       F
            +---------+---------+-------+---------+---------+-------
      Total |    9586 |    3664 |  27.7 |     236 |      47 |  16.6
            +---------+---------+-------+---------+---------+-------
        D:1 |      39 |       0 |   0.0 |      24 |       0 |   0.0
        D:2 |      62 |       0 |   0.0 |      23 |       0 |   0.0
        D:3 |     162 |     121 |  42.8 |      18 |       3 |  14.3
        D:4 |     658 |     633 |  49.0 |      18 |       2 |  10.0
        D:5 |     960 |       0 |   0.0 |      27 |       0 |   0.0
        D:6 |     906 |     169 |  15.7 |      28 |       1 |   3.4
        D:7 |     545 |       0 |   0.0 |      22 |       0 |   0.0
        D:8 |     526 |     258 |  32.9 |      10 |       3 |  23.1
        D:9 |    1463 |       0 |   0.0 |      33 |       0 |   0.0
       D:10 |     365 |     636 |  63.5 |      14 |      26 |  65.0
     Lair:1 |    3578 |     191 |   5.1 |      14 |       2 |  12.5
     Lair:2 |     322 |    1060 |  76.7 |       5 |       7 |  58.3
   Gauntlet |       0 |     596 | 100.0 |       0 |       3 | 100.0
            +---------+---------+-------+---------+---------+-------
